 Dungeon Crawl Stone Soup version 0.21-a0-513-gdcb3f5e (webtiles) character file.

68193 Goblin1989 the Brawler (level 14, 0/150 HPs)
             Began as a Red Draconian Transmuter on Nov 29, 2017.
             Was an Initiate of Gozag.
             Killed from afar by a hell hound (21 damage)
             ... with a blast of flame
             ... on level 6 of the Lair of Beasts on Dec 1, 2017.
             The game lasted 02:12:13 (23478 turns).

Goblin1989 the Brawler (Red Draconian Transmuter)  Turns: 23478, Time: 02:12:13

Health: 0/150      AC:  7    Str: 15    XL:     14   Next: 85%
Magic:  29/29      EV: 17    Int: 15    God:    Gozag
Gold:   1548       SH:  0    Dex: 11    Spells: 13/35 levels left

rFire    x . .     SeeInvis .     - Unarmed
rCold    + + +     Gourm    .   (shield currently unavailable)
rNeg     + . .     Faith    .   (armour unavailable)
rPois    +         Spirit   .   (helmet currently unavailable)
rElec    +         Reflect  .   (cloak currently unavailable)
rCorr    .         Harm     .   (gloves currently unavailable)
MR       +....                  (boots currently unavailable)
Stlth    +.........             r - amulet of regeneration
HPRegen  0.75/turn              O - ring of Itoeb {*Drain rElec rPois rN+ EV+2, =R}
MPRegen  0.21/turn              S - ring "Baomumoc" {rPois rC+++ Int-2 Slay+5}

@: ice-form, gold aura
A: large, (breathe fire), unfitting armour, AC +8
a: End Transformation, Potion Petition, Call Merchant, Bribe Branch, Renounce
Religion


You were on level 6 of the Lair of Beasts.
You worshipped Gozag.
Gozag was most pleased with you.
You were full.
You were a creature of crystalline ice.
You visited 4 branches of the dungeon, and saw 22 of its levels.
You also visited: Bailey and Ice Cave.

You collected 7286 gold pieces.
You spent 2724 gold pieces at shops.
You paid 3014 gold pieces to Gozag.

Inventory:

Hand Weapons
 d - the +8 dagger of Compulsion {drain, Str-5 Int+3 SInv}
   (You found it on level 11 of the Dungeon)

   A truly terrible weapon, it drains the life of those it strikes.
   It affects your strength (-5).
   It affects your intelligence (+3).
   It lets you see invisible.
Missiles
 a - 165 arrows
 A - 43 tomahawks of returning (quivered)
 C - 4 tomahawks of dispersal
 Z - 2 throwing nets {!d}
Armour
 u - a +2 hat (melded)
 z - a +2 pair of boots of running (melded)
 V - the +0 pair of gloves of Liberty (melded) {*Corrode rF++ Int+7}
   (You found it on level 8 of the Dungeon)

   It affects your intelligence (+7).
   It greatly protects you from fire.
   It may corrode you when you take damage.
Magical Staves
 b - an uncursed staff of wizardry (melded) {!a}
Jewellery
 c - an uncursed ring of protection from cold
 f - an uncursed ring of protection from fire
 m - an uncursed ring of protection from magic
 r - an amulet of regeneration (around neck)
 O - the ring of Itoeb (left front paw) {*Drain rElec rPois rN+ EV+2, =R}
   (You bought it in a shop on level 5 of the Lair of Beasts)

   [ring of evasion]

   It affects your evasion (+2).
   It insulates you from electricity.
   It protects you from poison.
   It protects you from negative energy.
   It causes draining when unequipped.
 S - the ring "Baomumoc" (right front paw) {rPois rC+++ Int-2 Slay+5}
   (You bought it in a shop on level 5 of the Lair of Beasts)

   [ring of poison resistance]

   It affects your intelligence (-2).
   It affects your accuracy and damage with ranged weapons and melee attacks
   (+5).
   It renders you almost immune to cold.
   It protects you from poison.
Wands
 v - a wand of digging (2)
 w - a wand of polymorph (17)
 D - a wand of flame (32)
 E - a wand of enslavement (7)
 I - a wand of iceblast (23)
 L - a wand of clouds (6)
 N - a wand of scattershot (2)
 P - a wand of paralysis (16)
 X - a wand of disintegration (3)
Scrolls
 h - 5 scrolls of enchant armour {unknown}
 k - 9 scrolls of remove curse {@r2}
 l - 4 scrolls of fog {unknown}
 t - a scroll of summoning
 x - 4 scrolls of immolation {unknown}
 B - a scroll of blinking
 H - 4 scrolls of vulnerability {unknown}
 M - 2 scrolls of magic mapping
 Q - 2 scrolls of amnesia
 R - a scroll of identify {@r1}
 T - 11 scrolls of teleportation {!r, @r3}
 U - 4 scrolls of fear
Potions
 g - 3 potions of lignification
 i - 3 potions of heal wounds {@q2, !q}
 j - 3 potions of brilliance
 n - 2 potions of might
 o - a potion of invisibility
 q - a potion of cancellation
 s - 10 potions of curing {@q1}
 F - 3 potions of mutation {!q}
 J - 4 potions of flight
 W - 2 potions of ambrosia
Miscellaneous
 p - a phial of floods
 y - a box of beasts
 G - a lamp of fire
Comestibles
 e - 3 bread rations {@e1}
 K - 17 royal jellies
 Y - 9 meat rations {@e2}


   Skills:
 + Level 11.6 Fighting
 + Level 11.1 Dodging
 * Level 15.6 Unarmed Combat
 + Level 11.0 Spellcasting
 + Level 1.0 Charms
 + Level 1.0 Necromancy
 + Level 8.2 Transmutations


You had 13 spell levels left.
You knew the following spells:

 Your Spells              Type           Power        Failure   Level  Hunger
a - Beastly Appendage     Tmut           ####..       1%          1    None
b - Sticks to Snakes      Tmut           ####....     1%          2    None
c - Blade Hands           Tmut           ####......   9%          5    #####..
d - Spider Form           Tmut/Pois      ###.......   4%          3    None
e - Ice Form              Ice/Tmut       ###.....     16%         4    ###....
f - Lesser Beckoning      Tloc           #.........   26%         3    None
o - Apportation           Tloc           #.....       9%          1    None
R - Regeneration          Chrm/Necr      ##........   17%         3    None


Dungeon Overview and Level Annotations

Branches:
Dungeon (13/15)            Temple (1/1) D:7            Lair (6/6) D:10
  Swamp (0/4) Lair:4       Spider (0/4) Lair:2        Slime (0/5) Lair:6
    Orc (2/2) D:10            Elf (0/3) Orc:2
 Vaults: D:13-14

Altars:
Ashenzari
Cheibriados
Dithmenos
Elyvilon
Fedhas
Gozag
Hepliaklqana
Kikubaaqudgha
Makhleb
Nemelex Xobeh
Okawaru
Qazlal
Ru
Sif Muna
Trog
Uskayaw
Vehumet
Wu Jian
Xom
Yredelemnul
Zin
The Shining One
Jiyva

Shops:
D:5 (   D:9 *   D:10 *   Orc:1 *   Lair:5 :[=

Annotations:
D:3 1 runed door


Innate Abilities, Weirdness & Mutations

((You can breathe blasts of fire.))
((Your fiery red scales are hard. (AC +8)))
You cannot fit into any form of body armour.
((Your flesh is heat resistant. (rF+)))
((You are cold-blooded and may be slowed by cold attacks.))


Message History

You see here 3 gold pieces.
You take 1 damage, and have 149/150 hp.
The hell hound barks! x2
You pummel the hell hound!! You freeze the hell hound!
You kill the hell hound!
The hell hound is distracted by the nearby gold.
A wolf comes into view.
The hell hound is no longer distracted by gold. x2
The wolf is distracted by the nearby gold.
The hell hound moves out of view.
The warg closely misses you. The hell hound misses you.
The hell hound closely misses you.
You see here 7 gold pieces.
You pummel the hell hound!! You freeze the hell hound.
The hell hound is almost dead.
The wolf bites you!
The hell hound is distracted by the nearby gold.
The warg completely misses you. The hell hound misses you.
The hell hound barks!
You pummel the hell hound!! You freeze the hell hound.
You kill the hell hound!
Your Necromancy skill increases to level 1!
You hear a howl! x2
The wolf barely misses you. The hell hound misses you. The warg bites you!
A wolf comes into view.
You take 20 damage, and have 129/150 hp.
You punch the hell hound! You freeze the hell hound!
The hell hound is severely wounded.
The hell hound misses you. The warg misses you.
You pummel the hell hound!! You freeze the hell hound!
You kill the hell hound!
The hell hound is distracted by the nearby gold.
The wolf is distracted by the nearby gold.
The warg bites you but does no damage.
The wolf howls!
The hell hound barks!
You barely miss the wolf.
The wolf is no longer distracted by gold. x2
The wolf barely misses you. The warg completely misses you.
You hit the wolf. You freeze the wolf.
The wolf is moderately wounded.
The wolf misses you.
The hell hound is distracted by the nearby gold.
The warg barely misses you.
The hell hound barks!
You punch the wolf! You freeze the wolf!
You kill the wolf!
The hell hound is no longer distracted by gold.
The hell hound bites you but does no damage.
You barely miss the wolf. The warg misses you. The wolf bites you.
The hell hound barely misses you. The warg bites you!
You take 20 damage, and have 112/150 hp.
You closely miss the wolf.
The hell hound is no longer distracted by gold.
The wolf bites you but does no damage.
The hell hound bites you but does no damage.
The hell hound closely misses you. The wolf bites you.
You take 3 damage, and have 109/150 hp.
You punch the wolf! You freeze the wolf.
The wolf is severely wounded.
The warg bites you. The hell hound closely misses you.
The hell hound completely misses you. The wolf bites you.
You take 3 damage, and have 106/150 hp.
MP restored: 29 You pummel the wolf!!
You freeze the wolf.
You kill the wolf!
The hell hound breathes flames at you. The blast of flame hits you!
The fire burns you terribly! The warg bites you!
The hell hound breathes flames at you. The blast of flame hits you!
The fire burns you terribly!
* * * LOW HITPOINT WARNING * * *
The hell hound bites you!
* * * LOW HITPOINT WARNING * * *
You take 49 damage, and have 57/150 hp.
MASSIVE DAMAGE!!
The hell hound bites you!
* * * LOW HITPOINT WARNING * * *
You see here 3 gold pieces.
You take 9 damage, and have 48/150 hp.
You punch the wolf! You freeze the wolf.
The wolf is severely wounded.
The hell hound closely misses you. The warg bites you!
* * * LOW HITPOINT WARNING * * *
You take 9 damage, and have 39/150 hp.
Unknown command.
You punch the hell hound! You freeze the hell hound.
The hell hound is heavily wounded.
The hell hound closely misses you. The hell hound bites you.
* * * LOW HITPOINT WARNING * * *
The warg bites you but does no damage.
You take 2 damage, and have 37/150 hp.
Unknown command.
The hell hound closely misses you. The hell hound breathes flames at you.
The blast of flame hits the hell hound.
The hell hound completely resists.
The blast of flame hits you! The fire burns you terribly!
* * * LOW HITPOINT WARNING * * *
The hell hound barks!
You take 17 damage, and have 21/150 hp.
The hell hound breathes flames at you. The blast of flame hits you!
The fire burns you terribly!
You die...
Your body crumbles into a pile of gold. ██ █████ █.█ ███ █..[█ ██.%█ █Y██

██...█ █.█....
██hh████}...██
██....$██....██......█
......$$h.█.......(.██
...█....h.██.......██
█.█.█..██████...██ █
███%.█ ██.█.██ █


████ ██.█.█.█ █. ██ ██.....███ You could see a warg, 2 hell hounds and a wolf.

Vanquished Creatures
  Gastronok (Lair:1)
  A frost giant (IceCv)
  The ghost of KristoblXynda the Carver, a journeyman DrGl of Okawaru (D:10)
  9 hydras
  A centaur warrior (D:13)
  2 two-headed ogres
  Erica (Lair:1)
  The ghost of darxusza the Blocker, a novice MiFi of Okawaru (Bailey)
  A death yak (IceCv)
  The ghost of Salmacis the Geomancer, a novice GrEE of Sif Muna (Bailey)
  A deep elf mage (D:11)
  A wolf spider zombie (D:11)
  An orc knight (Orc:1)
  3 orc sorcerers (Orc:2)
  A cyclops (D:11)
  A wolf spider (Lair:6)
  3 elephants (Lair:6)
  4 black mambas
  A centaur zombie (D:13)
  2 torpor snails
  15 spiny frogs
  10 rime drakes
  5 komodo dragons
  A kobold demonologist (D:11)
  2 ice devils (Lair:5)
  24 polar bears
  3 trolls
  2 queen bees
  Grinder (D:4)
  17 blink frogs
  2 slime creatures (D:13)
  2 raiju (Lair:6)
  6 dream sheep (Lair:6)
  6 hippogriffs
  3 wyverns
  62 yaks
  Eustachio (D:4)
  Grum (D:8)
  2 basilisks
  3 vampire mosquitoes (D:13)
  A hungry ghost (D:10)
  6 wargs
  10 hell hounds (Lair:6)
  8 water moccasins
  7 porcupines
  12 orc warriors
  13 black bears
  A phantom (D:9)
  2 ice beasts
  35 wolves
  9 ogres
  5 centaurs
  9 crocodiles
  13 bullfrogs
  A gnoll sergeant (D:9)
  A water moccasin skeleton (D:10)
  9 scorpions
  41 killer bees
  6 electric eels
  A howler monkey (D:9)
  8 crimson imps
  2 jellies
  3 bullfrog zombies
  A quasit (D:11)
  11 hounds
  9 orc priests
  A bullfrog skeleton (D:10)
  2 centaur skeletons
  21 orc wizards
  2 gnoll shamans (D:3)
  Ijyb (D:3)
  Jessica (D:2)
  2 iguanas
  Natasha (thrice) (D:4)
  11 worker ants
  Terence (D:3)
  A hound zombie (D:9)
  37 gnolls
  6 adders
  2 shadow imps
  An ooze (D:7)
  An adder skeleton (D:4)
  3 worms
  2 dart slugs
  4 leopard geckos
  55 orcs
  4 giant cockroaches
  12 goblins
  14 hobgoblins
  21 jackals
  5 quokkas
  2 ball pythons
  5 bats
  A frilled lizard (D:1)
  21 kobolds
  2 rats
673 creatures vanquished.

Vanquished Creatures (collateral kills)
  2 hungry ghosts (D:10)
  An ogre (D:7)
  A hound (D:10)
  An orc (D:7)
5 creatures vanquished.

Vanquished Creatures (others)
  2 orcs (D:7)
  A bush (Lair:1)
  12 fungi
  36 plants
51 creatures vanquished.

Grand Total: 729 creatures vanquished

Notes
Turn   | Place    | Note
-------+----------+-------------------------------------------
     0 | D:1      | Goblin1989 the Draconian Transmuter began the quest for the Orb.
     0 | D:1      | Reached XP level 1. HP: 16/16 MP: 3/3
   461 | D:1      | Reached XP level 2. HP: 23/23 MP: 5/5
  1513 | D:2      | Reached skill level 4 in Unarmed Combat
  1623 | D:2      | Reached XP level 3. HP: 22/28 MP: 6/6
  1776 | D:2      | Found an ornate altar of the Wu Jian Council.
  2333 | D:2      | Noticed Jessica
  2341 | D:2      | Found a sacrificial altar of Ru.
  2352 | D:2      | Killed Jessica
  2352 | D:2      | Reached XP level 4. HP: 8/35 MP: 5/7
  2655 | D:3      | Reached skill level 5 in Unarmed Combat
  2775 | D:3      | Noticed Ijyb
  2790 | D:3      | Killed Ijyb
  3256 | D:3      | Found a runed door.
  3413 | D:3      | Reached XP level 5. HP: 40/40 MP: 8/8
  3421 | D:3      | Noticed Terence
  3431 | D:3      | Killed Terence
  3436 | D:3      | Learned a level 2 spell: Sticks to Snakes
  3439 | D:3      | Found a snail-covered altar of Cheibriados.
  3458 | D:4      | Noticed Eustachio
  3469 | D:3      | Reached skill level 6 in Unarmed Combat
  3562 | D:3      | Reached XP level 6. HP: 20/47 MP: 9/9
  3713 | D:4      | Noticed Natasha
  3726 | D:4      | Killed Natasha
  3735 | D:4      | Noticed Natasha
  3742 | D:4      | Killed Natasha
  3797 | D:4      | Noticed Grinder
  3817 | D:4      | Paralysed by Grinder for 6 turns
  3848 | D:4      | Killed Grinder
  3848 | D:4      | Reached skill level 7 in Unarmed Combat
  3918 | D:4      | Your scales start taking on a fiery red colour.
  3918 | D:4      | Reached XP level 7. HP: 52/52 MP: 10/10
  3918 | D:4      | Gained mutation: Your flesh is heat resistant. (rF+) [Red Draconian growth]
  4002 | D:4      | Noticed Natasha
  4009 | D:4      | Killed Natasha
  4313 | D:4      | Killed Eustachio
  4400 | D:4      | Reached skill level 8 in Unarmed Combat
  4639 | D:4      | Found a white marble altar of Elyvilon.
  4820 | D:5      | Entered Level 5 of the Dungeon
  4821 | D:5      | Found an iron altar of Okawaru.
  4957 | D:5      | Found Roceh's Antique Weapon Shoppe.
  5352 | D:6      | Learned a level 5 spell: Blade Hands
  5428 | D:6      | Reached XP level 8. HP: 59/59 MP: 11/11
  5523 | D:6      | Found a burning altar of Makhleb.
  6123 | D:7      | Found a radiant altar of Vehumet.
  6151 | D:7      | Reached skill level 9 in Unarmed Combat
  6151 | D:7      | Reached skill level 5 in Transmutations
  6416 | D:7      | Found a glowing golden altar of the Shining One.
  6616 | D:7      | Found a staircase to the Ecumenical Temple.
  6623 | Temple   | Entered the Ecumenical Temple
  6746 | Temple   | Became a worshipper of Gozag Ym Sagoz the Greedy
  6882 | D:8      | Noticed a two-headed ogre
  6883 | D:8      | Got a pair of jewelled gloves
  7054 | D:7      | Identified the cursed +0 pair of gloves of Liberty {*Corrode rF++ Int+7} (You found it on level 8 of the Dungeon)
  7067 | D:7      | Learned a level 3 spell: Spider Form
  7102 | D:8      | Killed a two-headed ogre
  7102 | D:8      | Reached XP level 9. HP: 71/71 MP: 10/14
  7209 | D:8      | Noticed Grum
  7227 | D:8      | Reached skill level 10 in Unarmed Combat
  7234 | D:8      | Killed Grum
  7254 | D:8      | HP: 3/71 [poisoned by Grum]
  7259 | D:8      | HP: 3/71 [poisoned by Grum]
  7604 | D:8      | Learned a level 4 spell: Ice Form
  7729 | D:9      | Found Tiuroass's Assorted Antiques.
  7741 | D:9      | Bought a pink potion for 20 gold pieces
  7741 | D:9      | Bought a scroll labeled RAETIU JEGA for 23 gold pieces
  7741 | D:9      | Bought a scroll labeled IVUANL IMYT for 23 gold pieces
  7741 | D:9      | Bought a scroll of identify for 46 gold pieces
  7741 | D:9      | Bought a scroll labeled JUQUSS OHOPPUE for 23 gold pieces
  8039 | D:9      | Reached XP level 10. HP: 52/80 MP: 12/17
  8041 | D:9      | Reached skill level 5 in Fighting
  8045 | D:9      | Reached skill level 5 in Spellcasting
  8054 | D:9      | Reached skill level 5 in Dodging
  8678 | D:10     | Entered Level 10 of the Dungeon
  8736 | D:10     | Found a flagged portal.
  8764 | Bailey   | Entered a bailey
  8785 | Bailey   | Noticed darxusza's ghost (novice MiFi)
  8963 | Bailey   | Noticed Salmacis's ghost (novice GrEE)
  8984 | Bailey   | Killed Salmacis's ghost
  9099 | Bailey   | Killed darxusza's ghost
  9298 | D:10     | Reached XP level 11. HP: 74/91 MP: 16/21
  9512 | D:10     | Identified a +2 pair of boots of running (You found it in a bailey)
  9514 | D:10     | Noticed KristoblXynda's ghost (journeyman DrGl)
  9544 | D:10     | Killed KristoblXynda's ghost
  9544 | D:10     | Reached skill level 11 in Unarmed Combat
  9739 | D:10     | Bought a potion of heal wounds for 145 gold pieces
  9739 | D:10     | Bought a scroll of magic mapping for 101 gold pieces
  9739 | D:10     | Bought a glowing papyrus book for 435 gold pieces
  9870 | D:10     | Found a glowing golden altar of the Shining One.
 10093 | D:10     | Found a staircase to the Lair.
 10099 | D:10     | Found a staircase to the Orcish Mines.
 10436 | D:8      | Learned a level 1 spell: Apportation
 10441 | D:8      | Learned a level 3 spell: Lesser Beckoning
 10790 | D:9      | Bought a leatherbound book for 345 gold pieces
 11845 | Lair:1   | Entered Level 1 of the Lair of Beasts
 11940 | Lair:1   | Noticed Gastronok
 12004 | Lair:1   | Killed Gastronok
 12494 | Lair:1   | Noticed Erica
 12519 | Lair:1   | Reached XP level 12. HP: 101/101 MP: 18/24
 12530 | Lair:1   | Killed Erica
 12530 | Lair:1   | Reached skill level 12 in Unarmed Combat
 12643 | Lair:1   | Noticed a four-headed hydra
 12668 | Lair:1   | Killed a four-headed hydra
 12863 | Lair:1   | Found an ornate altar of the Wu Jian Council.
 13301 | Lair:2   | Noticed a six-headed hydra
 13311 | Lair:2   | Killed a six-headed hydra
 13324 | Lair:2   | Found a hole to the Spider Nest.
 14023 | Lair:3   | Reached skill level 13 in Unarmed Combat
 14056 | Lair:3   | Noticed a six-headed hydra
 14077 | Lair:3   | Killed a six-headed hydra
 14657 | Lair:4   | Got an ichor-stained trident
 14683 | Lair:4   | Identified the +2 trident of Reodgh {antimagic, rN+ Int+2} (You found it on level 4 of the Lair of Beasts)
 14716 | Lair:4   | Reached XP level 13. HP: 111/111 MP: 9/26
 15117 | Lair:4   | Found a staircase to the Swamp.
 15397 | Lair:5   | Found a frozen archway.
 15422 | IceCv    | Entered an ice cave
 15847 | IceCv    | Reached skill level 10 in Fighting
 16027 | IceCv    | Reached skill level 10 in Spellcasting
 16039 | IceCv    | Reached skill level 10 in Dodging
 16141 | IceCv    | Reached skill level 14 in Unarmed Combat
 16488 | IceCv    | Noticed a frost giant
 16518 | IceCv    | Killed a frost giant
 17497 | Lair:6   | Entered Level 6 of the Lair of Beasts
 17497 | Lair:6   | Found a staircase to the Slime Pits.
 17497 | Lair:6   | Found a viscous altar of Jiyva.
 18135 | Orc:1    | Entered Level 1 of the Orcish Mines
 18469 | Orc:1    | Found Xoxois's Assorted Antiques.
 18478 | Orc:1    | Bought a ruby potion for 27 gold pieces
 18478 | Orc:1    | Bought a glowing orange potion for 27 gold pieces
 18478 | Orc:1    | Bought a scroll labeled GUNUYNLEDAD for 31 gold pieces
 18616 | Orc:2    | Entered Level 2 of the Orcish Mines
 18782 | Orc:2    | Found a staircase to the Elven Halls.
 19076 | Orc:1    | Reached XP level 14. HP: 108/122 MP: 23/28
 19317 | Lair:5   | Bought the ring "Baomumoc" {rPois rC+++ Int-2 Slay+5} for 1103 gold pieces
 19823 | D:11     | Got a fine dagger
 19840 | D:11     | Identified the +8 dagger of Compulsion {drain, Str-5 Int+3 SInv} (You found it on level 11 of the Dungeon)
 20172 | D:12     | Identified 2 scrolls of acquirement
 20174 | D:12     | Identified Hog Pacu's Almanac of Quantum Flight (You acquired it on level 12 of the Dungeon)
 20607 | D:13     | Reached skill level 15 in Unarmed Combat
 21317 | Lair:5   | Bought the ring of Itoeb {*Drain rElec rPois rN+ EV+2} for 375 gold pieces
 22379 | Lair:5   | Upgraded the game from 0.21-a0-509-gecc5317 to 0.21-a0-513-gdcb3f5e
 22827 | Lair:6   | Learned a level 3 spell: Regeneration
 23263 | Lair:6   | Reached skill level 1 in Charms
 23463 | Lair:6   | Reached skill level 1 in Necromancy
 23478 | Lair:6   | Killed from afar by a hell hound

Vault maps used:
D:1:      dpeg_arrival_lava_temple_mockup
D:2:      lemuel_doored_altar, first_bread, nicolae_ru_path_of_blood,
          uniq_jessica
D:3:      lemuel_castle_with_subvaults, nicolae_overflow_hidden_temple,
          uniq_ijyb, uniq_crazy_yiuf_cottage, uniq_terence
D:4:      nicolae_overflow_crystal_walls, uniq_grinder, uniq_eustachio,
          uniq_natasha
D:5:      serial_shops, nicolae_shop_trees, okawaru_gym_becter
D:6:      marbit_many_paths, roderic_nine_men_s_morris
D:7:      fiery_altar_vehumet, kennysheep_mini_moat, minmay_temple_entry_trees,
          minivault_14
D:8:      david_nohive_1, uniq_grum
D:9:      special_room, serial_shops, shop
D:10:     erik_lair_island, orc_0_dummy, enter_bailey_3, basic_altar
D:13:     grunt_vaults_entry_fortified
Temple:   nicolae_temple_elliptical
Lair:1:   basic_altar, serial_bayou_lake_a, lemuel_fruit_tree, uniq_erica,
          uniq_gastronok
Lair:2:   nicolae_spider_entry_non_spiders, grunt_megastairs_2
Lair:3:   infiniplex_staircase_pool_2, serial_bayou_shore_a
Lair:4:   swamp_mist
Lair:5:   portal_ice_cave_demonic_guard
Lair:6:   hangedman_lair_caniforms_friends, slime_altar_1,
          minmay_lair_drake_nest
Orc:1:    serial_shops, shop
Orc:2:    st_orc_elflike
Bailey:   bailey_axe_4, bailey
IceCv:    ice_cave_caverns_03

Skill      XL: |  1  2  3  4  5  6  7  8  9 10 11 12 13 14 |
---------------+-------------------------------------------+-----
Unarmed Combat | 4 5 6 7 8 9 10 11 13 14 15 | 15.6
Transmutations | 3 4 6 8 |  8.2
Dodging        | 2 3 4 6 8 9 10 11 | 11.1
Fighting       | 3 4 6 7 9 10 11 | 11.6
Spellcasting   | 3 4 6 8 9 10 11 | 11.0
Charms         | 1 |  1.0
Necromancy     | 1 |  1.0

Action                   |  1- 3 |  4- 6 |  7- 9 | 10-12 | 13-15 || total
-------------------------+-------+-------+-------+-------+-------++-------
Melee: Unarmed           |   156 |   157 |   338 |   819 |   815 ||  2285
       Tailslap          |     6 |    18 |    35 |    32 |    62 ||   153
       Kick              |     1 |     6 |     5 |       |       ||    12
       Punch             |       |     3 |     8 |     9 |    21 ||    41
       Headbutt          |       |     2 |     4 |       |       ||     6
       Staff             |       |       |       |     1 |       ||     1
 Cast: Beastly Appendage |     4 |     4 |    10 |       |       ||    18
       Sticks to Snakes  |       |     6 |    12 |    28 |    13 ||    59
       Spider Form       |       |       |     1 |       |       ||     1
       Ice Form          |       |       |     2 |    33 |    28 ||    63
       Blade Hands       |       |       |     2 |    12 |    22 ||    36
       Regeneration      |       |       |       |       |     6 ||     6
Invok: Call Merchant     |       |       |       |     1 |     3 ||     4
       Potion Petition   |       |       |       |       |     1 ||     1
 Abil: Breathe Fire      |       |       |     7 |     7 |     3 ||    17
       End Transformatio |       |       |       |     1 |     5 ||     6
Evoke: Wand              |     3 |     2 |     2 |     7 |     4 ||    18
  Use: Potion            |       |     2 |     2 |       |       ||     4
       Scroll            |       |       |    11 |     8 |    16 ||    35
 Stab: Paralysed         |     1 |     6 |       |       |       ||     7
       Sleeping          |       |     1 |       |       |     1 ||     2
       Distracted        |       |       |     1 |     4 |     8 ||    13
  Eat: Chunk             |     5 |     5 |     7 |       |       ||    17
       Bread ration      |       |       |     1 |     5 |     2 ||     8
       Fruit             |       |       |     3 |    14 |     9 ||    26
       Royal jelly       |       |       |     2 |       |    10 ||    12
Armor: Skin              |    38 |    35 |   115 |   175 |   177 ||   540
Dodge: Dodged            |   100 |    87 |   207 |   717 |   739 ||  1850

Table legend:
 A = Spawn XP
 B = Non-spawn XP
 C = Spawn XP percentage of total XP
 D = Spawn monster count
 E = Non-spawn monster count
 F = Spawn count percentage of total count
 G = Total turns spent on level
                    A         B        C        D         E        F      G
               +---------+---------+-------+---------+---------+-------+---------
         Total |       0 |   97419 |   0.0 |       0 |     678 |   0.0 | 23478
               +---------+---------+-------+---------+---------+-------+---------
           D:1 |       0 |      23 |   0.0 |       0 |      15 |   0.0 |  1203
           D:2 |       0 |      86 |   0.0 |       0 |      20 |   0.0 |  1849
           D:3 |       0 |     943 |   0.0 |       0 |      72 |   0.0 |  1512
           D:4 |       0 |     762 |   0.0 |       0 |      12 |   0.0 |   922
           D:5 |       0 |     127 |   0.0 |       0 |       3 |   0.0 |   385
           D:6 |       0 |     581 |   0.0 |       0 |      21 |   0.0 |  1025
           D:7 |       0 |     838 |   0.0 |       0 |      23 |   0.0 |   835
           D:8 |       0 |    3248 |   0.0 |       0 |      32 |   0.0 |  1376
           D:9 |       0 |    3792 |   0.0 |       0 |      51 |   0.0 |   980
          D:10 |       0 |    3390 |   0.0 |       0 |      44 |   0.0 |  1454
          D:11 |       0 |    5584 |   0.0 |       0 |      21 |   0.0 |   571
          D:12 |       0 |     857 |   0.0 |       0 |       5 |   0.0 |   533
          D:13 |       0 |    4153 |   0.0 |       0 |      16 |   0.0 |   653
        Lair:1 |       0 |   10963 |   0.0 |       0 |      34 |   0.0 |  1507
        Lair:2 |       0 |    2664 |   0.0 |       0 |      16 |   0.0 |   646
        Lair:3 |       0 |    5705 |   0.0 |       0 |      24 |   0.0 |   712
        Lair:4 |       0 |    6464 |   0.0 |       0 |      24 |   0.0 |   865
        Lair:5 |       0 |    5117 |   0.0 |       0 |      18 |   0.0 |  1598
        Lair:6 |       0 |   23638 |   0.0 |       0 |      99 |   0.0 |  2024
         Orc:1 |       0 |    1719 |   0.0 |       0 |      30 |   0.0 |   617
         Orc:2 |       0 |    2708 |   0.0 |       0 |      24 |   0.0 |   260
        Bailey |       0 |    2188 |   0.0 |       0 |      27 |   0.0 |   435
         IceCv |       0 |   11869 |   0.0 |       0 |      47 |   0.0 |  1369
               +---------+---------+-------+---------+---------+-------+---------

Vault maps used:
D:1:      dpeg_arrival_lava_temple_mockup
D:2:      lemuel_doored_altar, first_bread, nicolae_ru_path_of_blood,
          uniq_jessica
D:3:      lemuel_castle_with_subvaults, nicolae_overflow_hidden_temple,
          uniq_ijyb, uniq_crazy_yiuf_cottage, uniq_terence
D:4:      nicolae_overflow_crystal_walls, uniq_grinder, uniq_eustachio,
          uniq_natasha
D:5:      serial_shops, nicolae_shop_trees, okawaru_gym_becter
D:6:      marbit_many_paths, roderic_nine_men_s_morris
D:7:      fiery_altar_vehumet, kennysheep_mini_moat, minmay_temple_entry_trees,
          minivault_14
D:8:      david_nohive_1, uniq_grum
D:9:      special_room, serial_shops, shop
D:10:     erik_lair_island, orc_0_dummy, enter_bailey_3, basic_altar
D:13:     grunt_vaults_entry_fortified
Temple:   nicolae_temple_elliptical
Lair:1:   basic_altar, serial_bayou_lake_a, lemuel_fruit_tree, uniq_erica,
          uniq_gastronok
Lair:2:   nicolae_spider_entry_non_spiders, grunt_megastairs_2
Lair:3:   infiniplex_staircase_pool_2, serial_bayou_shore_a
Lair:4:   swamp_mist
Lair:5:   portal_ice_cave_demonic_guard
Lair:6:   hangedman_lair_caniforms_friends, slime_altar_1,
          minmay_lair_drake_nest
Orc:1:    serial_shops, shop
Orc:2:    st_orc_elflike
Bailey:   bailey_axe_4, bailey
IceCv:    ice_cave_caverns_03
